 Dungeon Crawl Stone Soup version 0.30-b1-2-g02819fbbbe (webtiles) character file.

Game seed: 12234360626274948706

4 Alarkh the Trooper (level 1, 0/18 HPs)
             Began as a Demonspawn Chaos Knight on May 21, 2023.
             Was a Plaything of Xom.
             Succumbed to a kobold's poison
             ... on level 1 of the Dungeon.
             The game lasted 00:00:13 (90 turns).

Alarkh the Trooper (Demonspawn Chaos Knight)          Turns: 90, Time: 00:00:14

Health: 0/18       AC:  5    Str: 12    XL:     1   Next: 58%
Magic:  1/1        EV: 11    Int: 13    God:    Xom [*.....]
Gold:   14         SH:  0    Dex: 12    Spells: 0/0 levels left

rFire   . .          .
                       - Unarmed
rCold   . . .        (no shield)
rNeg    . . .        a - +2 leather armour
rPois   .            (no helmet)
rElec   .            (no cloak)
rCorr   .            (no gloves)
SInv    .            (no boots)
Will    .....        (no amulet)
Stlth   +            (no ring)
HPRegen 0.23/turn    (no ring)
MPRegen 0.07/turn

%: no passive effects
@: lethally poisoned (0 -> -2)
A: no striking features
a: Renounce Religion


You were on level 1 of the Dungeon.
You worshipped Xom.
You were a special plaything of Xom.
You visited 1 branch of the dungeon, and saw 1 of its levels.

You collected 14 gold pieces.

Inventory:

Armour
 a - a +2 leather armour (worn)
Scrolls
 c - a scroll of blinking {unknown}
Miscellaneous
 b - a piece from Xom's chessboard (15/15) (quivered)


   Skills:
 + Level 3.1 Fighting
 - Level 1.7 Armour
 - Level 0.8 Dodging
 * Level 2.9 Unarmed Combat


You couldn't memorise any spells.
You didn't know any spells.
Your spell library was empty.

Dungeon Overview and Level Annotations

Branches:
Dungeon (1/15)

Altars:


Message History

c - a scroll labelled ISAARO FOMMACH You now have 14 gold pieces.
A kobold comes into view. It is wielding a +1 whip of venom.
Found a stone staircase leading down.
The kobold shouts!
A kobold is nearby!
A kobold is nearby!
The kobold throws a stone.
The stone barely misses you.
A kobold comes into view. It is wielding a +0 short sword.
The kobold throws a stone.
The stone hits you.
The kobold shouts!
The kobold throws a stone.
The stone closely misses you.
The kobold throws a stone.
The stone hits you but does no damage.
The kobold hits you with a +1 whip of venom.
You are poisoned.
You miss the kobold.
You feel sick. The kobold barely misses you.
The kobold hits you but does no damage.
You barely miss the kobold.
You feel sick.
The kobold hits you with a +1 whip of venom.
The kobold hits you with a +0 short sword.
You are too injured to fight recklessly!
You are too injured to fight recklessly!
You are too injured to fight recklessly!
You are too injured to fight recklessly!
You are too injured to fight recklessly!
You are too injured to fight recklessly!
You are too injured to fight recklessly!
The kobold attacks as you move away! The kobold closely misses you.
You feel sick.
The kobold throws a stone.
The stone closely misses you.
You aren't carrying any potions.
You feel sick.
The kobold throws a stone.
The stone hits you but does no damage. The kobold attacks as you move away!
The kobold hits you with a +0 short sword.
* * * LOW HITPOINT WARNING * * *
x2 You feel sick.
* * * LOW HITPOINT WARNING * * *
You feel sick.
You die...
Xom guffaws!

######### #.......#
+.......# ###
#.......# #..
....... # #.###....#
#####. #.#.+....#
#.....##.#.#....#.##
.......@.K.K.....>..
#.##.##.......#.#.#.
#..............#
#...........#....
####.#####.##..# ...
#....#####.# ..# ..
...........# ..# .
...........# ..#
...... ...........#
..#


w You could see 2 kobolds.

Vanquished Creatures
  A ball python (D:1)
  A kobold (D:1)
  A bat (D:1)
  A goblin (D:1)
  A rat (D:1)
5 creatures vanquished.

Notes
Turn   | Place    | Note
-------+----------+-------------------------------------------
     0 | D:1      | Alarkh the Demonspawn Chaos Knight began the quest for the
                  | Orb.
     0 | D:1      | Reached XP level 1. HP: 18/18 MP: 1/1
    57 | D:1      | XOM: divination: detect creatures
    90 | D:1      | Succumbed to a kobold's poison

Illustrated notes

Levels and vault maps discovered:
D:1:      dpeg_arrival_arbitrary_b, layout_basic, minmay_misc_feat_ornament

Action                     || total
---------------------------++-------
  Melee: Unarmed           ||    24
 Armour: Leather armour    ||    14
  Dodge: Dodged            ||    26
